 Dungeon Crawl Stone Soup version 0.24-a0-307-gf989941 (webtiles) character file.

Game seed: 14013691989735499376

7675 nikopol the Thaumaturge (level 10, -5/52 HPs)
             Began as a Deep Elf Fire Elementalist on May 13, 2019.
             Was an Elder of Vehumet.
             Shot with a sling bullet by an orc warrior (26 damage)
             ... on level 10 of the Dungeon.
             The game lasted 00:33:15 (10456 turns).

nikopol the Thaumaturge (DEFE)                     Turns: 10456, Time: 00:33:15

Health: -5/52      AC:  8    Str:  5    XL:     10   Next: 99%
Magic:  21/28      EV: 14    Int: 24    God:    Vehumet [****..]
Gold:   582        SH:  0    Dex: 17    Spells: 16/34 levels left

rFire    + + +     SeeInvis .   p - +3 dagger (venom)
rCold    + + +     Gourm    .   (no shield)
rNeg     . . .     Faith    .   E - +2 robe {rC+}
rPois    .         Spirit   .   b - +3 helmet of the Sun {+Blink rElec rF++ Dex-2}
rElec    +         Reflect  .   q - scarf {rC+ rF+}
rCorr    .         Harm     .   (no gloves)
MR       +....                  (no boots)
Stlth    +++.......             (no amulet)
HPRegen  0.17/turn              y - ring of protection from cold
MPRegen  0.21/turn              A - +4 ring of dexterity

@: no status effects
A: no striking features
a: Renounce Religion, Evoke Blink


You were on level 10 of the Dungeon.
You worshipped Vehumet.
Vehumet was greatly pleased with you.
You were not hungry.

You visited 2 branches of the dungeon, and saw 11 of its levels.
You also visited: Ossuary.

You collected 659 gold pieces.
You spent 77 gold pieces at shops.

Inventory:

Hand Weapons
 p - a +3 dagger of venom (weapon)
Armour
 b - the +3 helmet of the Sun (worn) {+Blink rElec rF++ Dex-2}
   (You found it on level 7 of the Dungeon)

   It affects your dexterity (-2).
   It greatly protects you from fire.
   It insulates you from electricity.
   It lets you blink.
 q - a scarf of resistance (worn)
 E - a +2 robe of cold resistance (worn)
 J - a +1 cloak of invisibility
Jewellery
 y - a ring of protection from cold (left hand)
 A - a +4 ring of dexterity (right hand)
 D - an uncursed ring of flight
 I - an uncursed ring of protection from cold
Wands
 a - a wand of enslavement (11)
 f - a wand of flame (25)
 m - a wand of paralysis (3)
 o - a wand of iceblast (9)
 x - a wand of digging (6)
 C - a wand of acid (8)
 L - a wand of random effects (27)
Scrolls
 d - 4 scrolls of teleportation
 e - 4 scrolls of enchant weapon
 j - 6 scrolls of remove curse
 k - 4 scrolls of enchant armour
 r - 2 scrolls of fear
 F - 2 scrolls of amnesia {unknown}
 G - 2 scrolls of holy word {unknown}
Potions
 g - 9 potions of curing
 h - 3 potions of ambrosia
 i - a potion of cancellation
 l - a potion of haste
 n - 2 potions of heal wounds
 s - a potion of resistance
 t - 4 potions of might
 u - a potion of magic
 v - 3 potions of berserk rage
 w - 2 potions of brilliance
 z - 2 potions of flight
 B - 2 potions of agility
 H - a potion of invisibility
Comestibles
 c - 15 rations
 K - 4 chunks of flesh


   Skills:
 + Level 1.2 Fighting
 + Level 4.3 Dodging
 + Level 4.6 Stealth
 + Level 12.6 Spellcasting
 + Level 10.1 Conjurations
 + Level 10.7 Fire Magic


You had 16 spell levels left.
You knew the following spells:

 Your Spells              Type           Power        Failure   Level  Hunger
a - Flame Tongue          Conj/Fire      #####        1%          1    None
b - Throw Flame           Conj/Fire      ######       1%          2    None
c - Conjure Flame         Conj/Fire      ######..     1%          3    None
d - Sticky Flame          Conj/Fire      ######..     1%          4    None
e - Fireball              Conj/Fire      ######....   1%          5    ###....
f - Stone Arrow           Conj/Erth      #####.       1%          3    None

Your spell library contained the following spells:

 Spells                   Type           Power        Failure   Level  Hunger
 Inner Flame              Hex/Fire       #####...     1%          3    None
 Confusing Touch          Hex            ###...       4%          1    None
 Confuse                  Hex            ###.....     12%         3    None
 Gell's Gravitas          Tloc           ###.......   12%         3    None
 Yara's Violent Unravell  Hex/Tmut       ###.......   28%         5    ###....
 Petrify                  Tmut/Erth      ###.....     38%         4    None
 Metabolic Englaciation   Hex/Ice        ###.......   75%         5    ###....


Dungeon Overview and Level Annotations

Branches:
Dungeon (10/15)            Temple (1/1) D:5            Lair (0/6) D:10
    Orc (0/2) D:9

Altars:
Ashenzari
Cheibriados
Dithmenos
Elyvilon
Fedhas
Gozag
Hepliaklqana
Kikubaaqudgha
Makhleb
Nemelex Xobeh
Okawaru
Qazlal
Ru
Sif Muna
Trog
Uskayaw
Vehumet
Wu Jian
Xom
Yredelemnul
Zin
The Shining One

Shops:
D:5 [

Annotations:
D:9 2 runed translucent doors, exclusion: orange crystal statue


Message History

Vehumet accepts your kill.
You feel your power returning.
The orc warrior shouts!
You hear a shout!
The orc warrior unwields a +0 mace.
The orc warrior wields a cursed -2 hunting sling.
The orc warrior shoots a sling bullet.
The sling bullet hits you!
The orc warrior shoots a sling bullet.
The sling bullet hits you!!
You see here a sling bullet.
Casting: Fireball (safe; 1% risk of failure)
Confirm with . or Enter, or press ? or * to list all spells.
Aiming: Fireball (safe; 1% risk of failure)
Press: ? - help, Shift-Dir - straight line, f - orc warrior
Aim: an orc warrior, wielding a -2 hunting sling, wearing a +0 plate armour and wearing an uncursed amulet of harm The fireball explodes!
The fireball engulfs the orc warrior!
The orc warrior is heavily wounded.
You hear an angry buzzing noise.
You hear a shout!
You hear an angry buzzing noise.
The orc warrior shoots a sling bullet.
The sling bullet hits you!!
Ouch! That really hurt!
You die...

###.>## #. #...###
##.....# #. #...#..
....#.# #.#
####...#.####...#.# #..
...o.......##...#.#####.
........|...#...#.##....
.......)....#...#.##.##.
#..)#.##.#.....##.##.
#@.(..<...####.###
#.###....†.....### #.#
#####†#######. .##
#.#######. .# #..)))....
#. ########T. # #.. #..
#..


You could see an orc warrior.

Vanquished Creatures
  A two-headed ogre (D:9)
  Maurice (D:9)
  2 hippogriffs
  A spriggan (D:7)
  A wraith (D:9)
  A wyvern (D:9)
  12 yaks
  2 hungry ghosts (D:9)
  5 orc warriors
  A sky beast (D:10)
  A necrophage (D:9)
  2 ice beasts
  5 ogres
  3 centaurs
  2 bullfrogs
  A gnoll sergeant (D:5)
  5 scorpions
  A troll zombie (D:9)
  3 wights (D:9)
  6 killer bees (D:9)
  2 crimson imps
  4 hounds
  3 orc priests
  11 orc wizards
  A centaur skeleton (D:4)
  An iguana (D:7)
  3 bullfrog skeletons
  9 worker ants
  7 ogre zombies (D:9)
  8 mummies (Ossuary)
  A hound skeleton (D:4)
  6 gnolls
  16 adders
  A shadow imp (D:8)
  2 oozes
  A worm zombie (D:6)
  An adder zombie (D:7)
  2 worms
  6 leopard geckos
  35 orcs
  10 bats
  5 giant cockroaches
  2 gnoll zombies (Ossuary)
  2 hobgoblins
  4 jackals (D:3)
  2 quokkas
  3 ball pythons
  5 frilled lizards
  9 goblins
  2 goblin skeletons (D:9)
  A goblin zombie (D:9)
  3 hobgoblin skeletons (D:9)
  2 hobgoblin zombies
  A jackal skeleton (D:7)
  A jackal zombie (D:6)
  11 kobolds
  3 kobold zombies (Ossuary)
  A leopard gecko zombie (D:7)
  2 orc skeletons (D:9)
  18 orc zombies
  A quokka skeleton (D:5)
  5 rats
269 creatures vanquished.

Notes
Turn   | Place    | Note
-------+----------+-------------------------------------------
     0 | D:1      | nikopol the Deep Elf Fire Elementalist began the quest for
                  | the Orb.
     0 | D:1      | Reached XP level 1. HP: 10/10 MP: 6/6
   144 | D:1      | Reached XP level 2. HP: 15/15 MP: 5/8
   758 | D:2      | Reached XP level 3. HP: 19/19 MP: 7/9
   762 | D:2      | Learned a level 2 spell: Throw Flame
   766 | D:2      | Learned a level 3 spell: Conjure Flame
  1122 | D:2      | Reached skill level 4 in Spellcasting
  1122 | D:2      | Reached XP level 4. HP: 24/24 MP: 7/12
  1942 | D:3      | Found a faded altar of an unknown god.
  2117 | D:3      | Reached XP level 5. HP: 26/28 MP: 11/13
  2187 | D:2      | Learned a level 4 spell: Sticky Flame
  2530 | D:4      | Found a stormy altar of Qazlal.
  2664 | D:4      | Reached skill level 5 in Spellcasting
  2676 | D:4      | Noticed a yak
  2691 | D:4      | Killed a yak
  2691 | D:4      | Reached skill level 5 in Fire Magic
  2691 | D:4      | Reached XP level 6. HP: 32/32 MP: 3/16
  2812 | D:4      | Noticed a yak
  2813 | D:4      | Noticed a yak
  2815 | D:4      | Noticed a yak
  2815 | D:4      | Noticed a yak
  2845 | D:3      | Killed a yak
  2845 | D:3      | Reached skill level 6 in Spellcasting
  2978 | D:3      | Killed a yak
  2978 | D:3      | Reached XP level 7. HP: 37/37 MP: 10/18
  3038 | D:4      | Killed a yak
  3041 | D:4      | Killed a yak
  3041 | D:4      | Reached skill level 7 in Spellcasting
  3265 | D:4      | Reached skill level 5 in Conjurations
  3299 | D:4      | Reached XP level 8. HP: 42/42 MP: 12/21
  3309 | D:4      | Learned a level 5 spell: Fireball
  3538 | D:5      | Entered Level 5 of the Dungeon
  4262 | D:5      | Reached skill level 8 in Spellcasting
  4795 | D:5      | Found a staircase to the Ecumenical Temple.
  4811 | Temple   | Entered the Ecumenical Temple
  4846 | Temple   | Became a worshipper of Vehumet
  5125 | D:5      | Found Tadonuew's Antique Armour Boutique.
  5128 | D:5      | Bought an embroidered robe for 77 gold pieces
  5275 | D:6      | Found a radiant altar of Vehumet.
  5306 | D:6      | Found a sand-covered staircase.
  5320 | Ossuary  | Entered an ossuary
  5557 | Ossuary  | Reached skill level 9 in Spellcasting
  5932 | D:6      | Found a hazy altar of Hepliaklqana.
  6025 | D:6      | Reached * piety under Vehumet
  6025 | D:6      | Offered knowledge of Sting by Vehumet.
  6421 | D:6      | Reached XP level 9. HP: 46/46 MP: 16/24
  6898 | D:7      | Reached skill level 10 in Spellcasting
  7149 | D:7      | Got a bloodstained helmet
  7160 | D:7      | Identified the +3 helmet of the Sun {+Blink rElec rF++
                  | Dex-2} (You found it on level 7 of the Dungeon)
  7513 | D:8      | Offered knowledge of Sandblast by Vehumet.
  7610 | D:8      | Reached ** piety under Vehumet
  8274 | D:9      | Noticed Maurice
  8279 | D:9      | Killed Maurice
  8279 | D:9      | Reached skill level 11 in Spellcasting
  8279 | D:9      | Reached XP level 10. HP: 50/51 MP: 0/27
  8802 | D:9      | Reached skill level 10 in Fire Magic
  8820 | D:9      | Offered knowledge of Ignite Poison by Vehumet.
  8970 | D:9      | Noticed a two-headed ogre
  8981 | D:9      | Killed a two-headed ogre
  8981 | D:9      | Reached *** piety under Vehumet
  9156 | D:9      | Found a staircase to the Orcish Mines.
  9189 | D:9      | Reached skill level 1 in Fighting
  9370 | D:9      | Found a runed translucent door.
  9374 | D:9      | Found the +10 large shield of Ignorance {rN+ Int-4}
  9376 | D:9      | Noticed an orange crystal statue
  9390 | D:9      | Found a runed translucent door.
  9573 | D:9      | Offered knowledge of Stone Arrow by Vehumet.
  9614 | D:9      | Learned a level 3 spell: Stone Arrow
  9638 | D:9      | Reached skill level 12 in Spellcasting
 10042 | D:10     | Entered Level 10 of the Dungeon
 10257 | D:10     | Reached skill level 10 in Conjurations
 10267 | D:10     | Reached **** piety under Vehumet
 10410 | D:10     | Found a staircase to the Lair.
 10456 | D:10     | Shot with a sling bullet by an orc warrior

Levels and vault maps discovered:
D:1:      minmay_arrival_open_corners, layout_loops_ring, minmay_misc_feat_five,
          minmay_misc_feat_encased
D:2:      layout_loops_corners
D:3:      layout_loops_ring, chequers_ecumenical_altar_twisty, first_ration
D:4:      layout_gridville, lemuel_altar_in_water2
D:5:      layout_gridville, temple_pool_b, serial_shops, kennysheep_mini,
          minmay_misc_feat_four_crosses
D:6:      layout_loops_corners, lemuel_coloured_pillars_altar, enter_ossuary_3,
          vehumet_altar_wand_db
D:7:      layout_basic, the_bakery
D:8:      layout_basic, minmay_liquid_box
D:9:      layout_loops_cross, zombieorc2_lemuel,
          chequers_guarded_unrand_ignorance, uniq_maurice
D:10:     layout_loops_cross, lair_entry_dummy, serial_shops,
          nicolae_shop_waterfront
Temple:   nicolae_temple_the_god_donut

Skill      XL: |  1  2  3  4  5  6  7  8  9 10 |
---------------+-------------------------------+-----
Fire Magic     | 4 5 6 7 9 10 | 10.7
Stealth        | 3 4 |  4.6
Spellcasting   | 4 5 6 7 9 11 12 | 12.6
Conjurations   | 2 3 4 5 6 8 10 | 10.1
Dodging        | 3 4 |  4.3
Fighting       | 1 |  1.2

Action                   |  1- 3 |  4- 6 |  7- 9 | 10-12 || total
-------------------------+-------+-------+-------+-------++-------
Melee: Dagger            |     1 |       |    34 |       ||    35
 Cast: Flame Tongue      |    61 |    83 |   218 |   166 ||   528
       Sticky Flame      |       |     5 |    35 |    35 ||    75
       Conjure Flame     |       |     1 |       |     3 ||     4
       Throw Flame       |       |     2 |     2 |       ||     4
       Fireball          |       |       |    19 |    12 ||    31
  Use: Scroll            |       |       |    23 |       ||    23
  Eat: Chunk             |       |     7 |    15 |     7 ||    29
       Ration            |       |       |     2 |       ||     2
Armor: Robe              |     5 |     2 |    15 |    10 ||    32
Dodge: Dodged            |    23 |    23 |    42 |    24 ||   112

Table legend:
 A = Non-vault XP
 B = Vault XP
 C = Vault XP percentage of total XP
 D = Non-vault monster count
 E = Vault monster count
 F = Vault count percentage of total count
                 A         B        C        D         E       F
            +---------+---------+-------+---------+---------+-------
      Total |    9458 |    1507 |  13.7 |     213 |      56 |  20.8
            +---------+---------+-------+---------+---------+-------
        D:1 |      40 |       0 |   0.0 |      22 |       0 |   0.0
        D:2 |     108 |       0 |   0.0 |      24 |       0 |   0.0
        D:3 |     511 |       0 |   0.0 |      28 |       0 |   0.0
        D:4 |     911 |       0 |   0.0 |      16 |       0 |   0.0
        D:5 |     868 |       0 |   0.0 |      27 |       0 |   0.0
        D:6 |     330 |      10 |   2.9 |       6 |       3 |  33.3
        D:7 |    1183 |     215 |  15.4 |      31 |       1 |   3.1
        D:8 |     611 |       0 |   0.0 |      14 |       0 |   0.0
        D:9 |    3231 |    1128 |  25.9 |      29 |      36 |  55.4
       D:10 |    1665 |       0 |   0.0 |      16 |       0 |   0.0
    Ossuary |       0 |     154 | 100.0 |       0 |      16 | 100.0
            +---------+---------+-------+---------+---------+-------
